 Dungeon Crawl Stone Soup version 0.21-a0-396-ga924934 (webtiles) character file.

347723 Ijustatesigmund the Unseen (level 21, -13/111 HPs)
             Began as a Spriggan Enchanter on Oct 17, 2017.
             Was the Champion of Okawaru.
             Killed from afar by Boris (66 damage)
             ... with an iron shot
             ... on level 3 of the Vaults on Oct 19, 2017.
             The game lasted 05:55:12 (59380 turns).

Ijustatesigmund the Unseen (Spriggan Enchanter)    Turns: 59380, Time: 05:55:13

Health: -13/111    AC: 25    Str:  7    XL:     21   Next: 52%
Magic:  39/43      EV: 34    Int: 25    God:    Okawaru [******]
Gold:   741        SH: 14    Dex: 18    Spells: 10/54 levels left

rFire    . . .     SeeInvis +   V - +9 rapier (vamp)
rCold    . . .     Gourm    .   S - +3 buckler {reflect}
rNeg     . . .     Faith    .   a - +2 troll leather armour
rPois    +         Spirit   .   v - +2 hat {Int+3}
rElec    .         Reflect  +   O - scarf "Daxtaaw" {rPois MR+ Str+2}
rCorr    .         Harm     .   (gloves unavailable)
MR       +++++                  (boots unavailable)
Stlth    +++++++++.             l - amulet of magic regeneration
HPRegen  0.68/turn              j - +6 ring of protection
MPRegen  0.53/turn              h - ring "Kuarool" {*Drain +Inv rPois Dex-4 Slay+4}

@: icy armour, heroism, finesse, very quick
A: unfitting armour, thin skeletal structure 1, see invisible, herbivore 3,
speed 3, magic resistance 1, slow metabolism 2
}: 1/15 runes: serpentine
a: Heroism, Finesse, Renounce Religion, Evoke Invisibility


You were on level 3 of the Vaults.
You worshipped Okawaru.
Okawaru was exalted by your worship.
You were full.

You visited 7 branches of the dungeon, and saw 34 of its levels.
You also visited: Labyrinth and Ossuary.

You collected 3515 gold pieces.
You spent 2774 gold pieces at shops.

Inventory:

Hand Weapons
 y - a +5 quick blade of venom
 V - a +9 vampiric rapier (weapon)
Missiles
 L - 4 tomahawks of dispersal (quivered)
Armour
 a - a +2 troll leather armour (worn)
 c - a +2 buckler of cold resistance
 v - a +2 hat of intelligence (worn)
 O - the scarf "Daxtaaw" (worn) {rPois MR+ Str+2}
   (Okawaru gifted it to you on level 15 of the Dungeon)

   It affects your strength (+2).
   It protects you from poison.
   It affects your resistance to hostile enchantments.
 R - a scarf of resistance
 S - a +3 buckler of reflection (worn)
Jewellery
 h - the ring "Kuarool" (right hand) {*Drain +Inv rPois Dex-4 Slay+4}
   (You found it on level 7 of the Dungeon)

   [ring of poison resistance]

   It affects your dexterity (-4).
   It affects your accuracy and damage with ranged weapons and melee attacks
   (+4).
   It protects you from poison.
   It lets you turn invisible.
   It causes draining when unequipped.
 j - a +6 ring of protection (left hand)
 k - an uncursed ring of protection from cold
 l - an amulet of magic regeneration (around neck)
 q - an uncursed ring of wizardry
 s - an uncursed ring of resist corrosion
 B - the amulet "Raifei" {+Rage rPois rF+ MR++ Str-5}
   (You found it on level 7 of the Dungeon)

   [amulet of rage]

   It affects your strength (-5).
   It protects you from fire.
   It protects you from poison.
   It affects your resistance to hostile enchantments.
   It lets you go berserk.
 I - a +5 ring of evasion
Wands
 w - a wand of acid (11/15)
 C - a wand of enslavement (17/24)
 J - a wand of lightning (2/15)
Scrolls
 f - a scroll of enchant weapon
 g - 18 scrolls of remove curse
 p - 6 scrolls of amnesia
 r - a scroll of holy word
 u - 2 scrolls of teleportation
 A - 7 scrolls of identify
 E - a scroll of enchant armour
 F - 5 scrolls of fog
 G - a scroll of recharging
 K - 6 scrolls of magic mapping
 M - 2 scrolls of immolation
 X - 6 scrolls of fear
 Y - a scroll of blinking
Potions
 b - a potion of heal wounds
 e - 3 potions of cancellation
 i - 10 potions of curing
 n - 4 potions of magic
 o - 2 potions of haste
 t - 3 potions of berserk rage
 z - a potion of invisibility
 D - a potion of brilliance
 P - 2 potions of flight
 T - a potion of might
 U - 4 potions of mutation
 W - 2 potions of resistance
 Z - a potion of agility
Books
 m - a book of Frost

   Spells                             Type                      Level
   a - Freeze                         Ice                          1
   b - Throw Frost                    Conjuration/Ice              2
   c - Ozocubu's Armour               Charms/Ice                   3
   d - Throw Icicle                   Conjuration/Ice              4
   e - Summon Ice Beast               Ice/Summoning                4
 N - a book of the Sky

   Spells                             Type                      Level
   a - Summon Lightning Spire         Summoning/Air                4
   b - Silence                        Hexes/Air                    5
   c - Deflect Missiles               Charms/Air                   6
   d - Conjure Ball Lightning         Conjuration/Air              6
   e - Tornado                        Air                          9
Miscellaneous
 x - a box of beasts
Comestibles
 d - 18 bread rations
 H - 3 fruits
 Q - a royal jelly


   Skills:
 + Level 12.2(17.2) Fighting
 - Level 12.6(17.6) Short Blades
 - Level 6.2(11.2) Armour
 - Level 14.9(19.9) Dodging
 - Level 17.5(22.5) Stealth
 - Level 12.2(17.2) Shields
 - Level 17.0 Spellcasting
 - Level 6.9 Conjurations
 - Level 11.8 Hexes
 - Level 8.2 Charms
 - Level 3.2 Necromancy
 - Level 4.4 Translocations
 - Level 6.0 Transmutations
 - Level 4.8 Fire Magic
 - Level 7.5 Ice Magic
 + Level 14.4 Invocations
 - Level 10.6 Evocations


You had 10 spell levels left.
You knew the following spells:

 Your Spells              Type           Power        Failure   Level  Hunger
a - Corona                Hex            ######.      1%          1    None
b - Ensorcelled Hibernat  Hex/Ice        ######       1%          2    None
c - Dazzling Spray        Conj/Hex       ######       1%          3    None
d - Blink                 Tloc           N/A          1%          2    None
e - Shroud of Golubria    Chrm/Tloc      ######....   1%          2    None
f - Lesser Beckoning      Tloc           #####.....   1%          3    None
g - Apportation           Tloc           #####.       1%          1    None
h - Song of Slaying       Chrm           ######..     1%          2    None
i - Regeneration          Chrm/Necr      ######....   1%          3    None
j - Ice Form              Ice/Tmut       ######..     1%          4    None
k - Discord               Hex            ######....   86%         8    #######
l - Ozocubu's Armour      Chrm/Ice       ######..     1%          3    None
m - Conjure Flame         Conj/Fire      ######..     1%          3    None
n - Confuse               Hex            ######..     1%          3    None
o - Throw Icicle          Conj/Ice       ######..     1%          4    None


Dungeon Overview and Level Annotations

Branches:
Dungeon (15/15)            Temple (1/1) D:4            Lair (6/6) D:8
  Snake (4/4) Lair:2        Slime (0/5) Lair:5          Orc (2/2) D:9
    Elf (3/3) Orc:2        Vaults (3/5) D:13          Crypt (0/3) Vaults:2
 Depths (0/5) D:15
  Swamp: Lair:2-4    Shoals: Lair:2-4

Altars:
Ashenzari
Cheibriados
Dithmenos
Elyvilon
Fedhas
Gozag
Hepliaklqana
Kikubaaqudgha
Makhleb
Nemelex Xobeh
Okawaru
Qazlal
Ru
Sif Muna
Trog
Uskayaw
Vehumet
Wu Jian
Xom
Yredelemnul
Zin
The Shining One

Shops:
D:5 ?   D:9 :   D:12 ?   D:15 *   Orc:2 [:(*   Elf:1 *   Elf:2 (   Elf:3 (
Snake:3 [?   Snake:4 =}=   Vaults:1 =   Vaults:2 }

Annotations:
D:8 exclusion: ice statue
Elf:1 Nikola
Vaults:3 Boris


Innate Abilities, Weirdness & Mutations

You are very small and have problems with some larger weapons.
You are too small for most types of armour.
You have supernaturally acute eyesight. (SInv)
You are a herbivore.
You cover ground extremely quickly.
You need consume almost no food.
You have a somewhat thin skeletal structure. (Dex +2, Stealth)
You are resistant to hostile enchantments. (MR+)


Message History

Boris is heavily damaged.
The ice dragon breathes frost at you.
The blast of cold hits Boris.
Boris resists.
The blast of cold hits you!
You puncture Boris!
Boris is heavily damaged.
Boris completely misses you. Boris misses you.
You can now deal lightning-fast blows.
You block Boris's attack. Boris touches you but does no damage.
You impale Boris!!
Boris is heavily damaged.
You hit Boris but do no damage.
Boris is heavily damaged.
You hit Boris.
Boris is severely damaged.
You hit Boris but do no damage.
Boris is severely damaged.
Boris gestures at you while chanting. The iron shot hits you!
Ouch! That really hurt!
You die...

#.#.#.#.#.#.# #
#...........# #
#.#.#.#.#.#.# #
#...........# #
#.#.#.#.#.#.# #
#...........# #
#.#.#.#.#.#.# #
#...........####### #
###'####+#'####.@LD.#
#######
.....#......##..##...#
#.....#
.....#......#..## #..#
####..##
.....+......#.## .#
#.#'####
.....#......#)#
+....###
.....#......')#
##.<.##.'
.....#......'.(#
#....'#.#
.....#......##...#
###'#.#..'
######......# #.....
##..####..'


You could see Boris (invisible) and an ice dragon.

Vanquished Creatures
  2 tentacled monstrosities
  3 deep elf blademasters
  A lich (Vaults:1)
  Asterion (Snake:4)
  A deep elf master archer (Elf:3)
  Gastronok (D:11)
  3 sphinxes
  Donald (Vaults:3)
  Kirke (Snake:3)
  12 nagarajas
  A tengu reaver (Vaults:3)
  6 deep elf sorcerers
  10 vault wardens
  2 orc warlords (Orc:1)
  3 fire giants
  7 ironheart preservers
  5 deep elf elementalists (Elf:3)
  A ghoul (Vaults:2)
  4 very ugly things (D:13)
  A stone giant (Vaults:3)
  An entropy weaver (Vaults:1)
  8 deep elf demonologists
  Azrael (Orc:1)
  5 deep elf annihilators
  6 dire elephants (Lair:6)
  6 deep elf death magi
  An eidolon (Vaults:2)
  An ettin (Vaults:2)
  The ghost of tidbits the Thaumaturge, a journeyman GnSk of Makhleb (Orc:2)
  6 yaktaur captains
  A minotaur (Lab)
  A deep elf high priest (Elf:3)
  2 fire dragons
  8 ogre magi
  A great orb of eyes (Vaults:2)
  6 vault guards (Vaults:2)
  A rakshasa (Vaults:2)
  8 hydras
  17 naga warriors
  6 ice dragons
  8 centaur warriors
  4 death knights
  13 anacondas
  27 two-headed ogres
  Erica (D:10)
  19 dancing weapons
  2 orc high priests
  14 shock serpents
  The ghost of tof the Cleaver, a novice MiBe of Trog (D:8)
  23 naga sharpshooters
  Sonja (Lair:3)
  22 deep elf knights
  5 salamander mystics
  5 unseen horrors
  8 naga ritualists
  A swamp dragon (Vaults:2)
  2 flayed ghosts
  2 glowing orange brains (Vaults:2)
  A lindwurm (shapeshifter) (Elf:3)
  A necromancer (Vaults:3)
  2 phantasmal warriors
  52 ugly things
  57 deep elf magi
  17 deep elf archers
  6 wizards
  4 harpies (Vaults:2)
  7 ironbrand convokers
  3 orc sorcerers
  4 oklob plants
  14 orc knights
  10 cyclopes
  15 mana vipers
  A wolf spider (Vaults:1)
  26 elephants
  2 manticores (D:15)
  44 black mambas
  17 salamanders
  4 centaur zombies
  33 naga magi
  20 guardian serpents
  A gargoyle (D:7)
  A guardian serpent (shapeshifter) (Elf:1)
  12 vault sentinels
  5 spiny frogs
  5 rime drakes (Lair:6)
  2 human zombies (Vaults:3)
  21 yaktaurs
  An efreet (D:13)
  4 kobold demonologists
  9 freezing wraiths
  8 komodo dragons
  An ice devil (D:8)
  12 trolls
  3 meliai (D:13)
  A tengu conjurer (D:14)
  3 polar bears
  5 large abominations (Elf:2)
  6 hornets
  21 blink frogs
  8 hippogriffs
  31 slime creatures
  2 meliai zombies (D:15)
  A human simulacrum (Vaults:1)
  5 air elementals
  A redback (Vaults:1)
  A spriggan (D:9)
  3 water elementals
  A wyvern (Lair:4)
  57 yaks
  7 wraiths
  7 fire elementals
  2 hogs (Snake:4)
  11 vampire mosquitoes
  Grum (D:8)
  3 hungry ghosts
  3 basilisks
  A steam dragon (shapeshifter) (D:11)
  7 wargs
  A yaktaur simulacrum (Vaults:2)
  57 nagas
  7 small abominations (Elf:2)
  6 acid dragons
  6 swamp worms (Lair:4)
  5 hell hounds
  14 water moccasins
  17 porcupines
  Duvessa (D:4)
  4 ice beasts
  42 orc warriors
  A black bear (shapeshifter) (D:13)
  3 sky beasts
  3 phantoms
  27 ogres
  19 wolves
  12 centaurs
  20 crocodiles
  2 big kobolds
  24 bullfrogs
  An elf zombie (Ossuary)
  An ogre simulacrum (Vaults:1)
  Dowan (D:4)
  An earth elemental (Elf:3)
  A human skeleton (Vaults:3)
  6 scorpions
  8 wights
  6 killer bees (D:10)
  7 electric eels
  A vampire bat (D:6)
  8 howler monkeys
  6 crimson imps
  3 jellies
  A quasit (D:13)
  5 bullfrog zombies
  9 hounds
  5 bullfrog skeletons
  20 orc priests
  15 orc wizards
  4 centaur skeletons
  4 iguanas
  Ijyb (D:4)
  13 worker ants
  A killer bee zombie (D:5)
  3 big kobold zombies (Ossuary)
  A hound skeleton (D:11)
  2 mummies (Ossuary)
  A worker ant zombie (D:10)
  3 howler monkey skeletons
  26 adders
  8 gnolls
  6 shadow imps
  2 ufetubi (D:8)
  An ooze (D:3)
  2 adder zombies
  An adder skeleton (D:8)
  A worm (D:5)
  4 dart slugs
  3 leopard geckos
  60 orcs
  4 ball pythons
  13 bats
  6 giant cockroaches
  A gnoll zombie (Ossuary)
  4 goblins
  8 hobgoblins
  21 jackals
  5 quokkas
  6 frilled lizards
  3 goblin zombies (Ossuary)
  2 hobgoblin zombies (Ossuary)
  A jackal skeleton (D:7)
  A jackal zombie (D:6)
  12 kobolds
  A leopard gecko skeleton (D:7)
  4 orc zombies (Ossuary)
  A quokka skeleton (D:4)
  A quokka zombie (D:7)
  8 rats
  A butterfly (Lair:2)
  4 crawling corpses (Elf:3)
  2 fungi
  2 plants (Lair:6)
1558 creatures vanquished.

Vanquished Creatures (others)
  A deep elf master archer (Elf:2)
  2 naga sharpshooters
  A naga ritualist (Snake:3)
  A deep elf mage (Elf:2)
  3 yaktaurs
  A water elemental (Elf:3)
  A human (Snake:4)
  A naga (Snake:4)
  A centaur (D:15)
  An orc (Vaults:2)
  A kobold (D:10)
  A bush (Lair:6)
  22 fungi
  24 plants
61 creatures vanquished.

Grand Total: 1619 creatures vanquished

Notes
Turn   | Place    | Note
-------+----------+-------------------------------------------
     0 | D:1      | Ijustatesigmund the Spriggan Enchanter began the quest for the Orb.
     0 | D:1      | Reached XP level 1. HP: 9/9 MP: 5/5
   413 | D:1      | Reached XP level 2. HP: 13/13 MP: 5/7
   417 | D:1      | Learned a level 2 spell: Ensorcelled Hibernation
  1404 | D:2      | Reached XP level 3. HP: 16/16 MP: 9/9
  2193 | D:2      | Reached XP level 4. HP: 21/21 MP: 8/11
  2206 | D:2      | Learned a level 3 spell: Dazzling Spray
  2314 | D:2      | Reached skill level 5 in Spellcasting
  2758 | D:3      | Reached XP level 5. HP: 24/24 MP: 14/14
  3633 | D:4      | Noticed Dowan
  3676 | D:4      | Noticed Ijyb
  3681 | D:4      | Noticed a phantom
  3681 | D:5      | Entered Level 5 of the Dungeon
  3762 | D:5      | Reached skill level 1 in Fighting
  3762 | D:5      | Reached XP level 6. HP: 30/30 MP: 12/16
  4794 | D:6      | Reached XP level 7. HP: 13/35 MP: 3/17
  5287 | D:6      | Reached skill level 5 in Short Blades
  5535 | D:6      | Reached skill level 1 in Ice Magic
  5551 | D:6      | Reached skill level 1 in Conjurations
  6094 | D:6      | Reached XP level 8. HP: 28/40 MP: 18/18
  6732 | D:5      | Found Faif's Magic Scroll Shop.
  6767 | D:5      | Bought a scroll of remove curse for 42 gold pieces
  6767 | D:5      | Bought a scroll of identify for 28 gold pieces
  6767 | D:5      | Bought a scroll of identify for 28 gold pieces
  6767 | D:5      | Bought a scroll of identify for 28 gold pieces
  6799 | D:5      | Found a shimmering altar of Xom.
  6802 | D:5      | Found a sparkling altar of Nemelex Xobeh.
  6816 | D:5      | Found a white marble altar of Elyvilon.
  6819 | D:5      | Found a burning altar of Makhleb.
  7014 | D:4      | Reached skill level 5 in Dodging
  7014 | D:4      | Reached skill level 5 in Stealth
  7037 | D:4      | Killed Ijyb
  7132 | D:4      | Gained mutation: Armour fits poorly on your strangely shaped body. [potion of mutation]
  7132 | D:4      | Gained mutation: You possess an exceptional clarity of mind. [potion of mutation]
  7153 | D:4      | Noticed Duvessa
  7197 | D:4      | Killed Duvessa
  7317 | D:4      | Killed Dowan
  7624 | D:4      | Found a staircase to the Ecumenical Temple.
  7634 | Temple   | Entered the Ecumenical Temple
  7756 | Temple   | Became a worshipper of Warmaster Okawaru
  8277 | D:7      | Reached XP level 9. HP: 44/44 MP: 19/19
  8505 | D:7      | HP: 2/44 [orc warrior/scythe of flaming (8)]
  8827 | D:7      | Found an ancient bone altar of Kikubaaqudgha.
  8904 | D:7      | Reached * piety under Okawaru
  8983 | D:8      | Found a sand-covered staircase.
  8988 | Ossuary  | Entered an ossuary
  9450 | Ossuary  | Reached skill level 1 in Evocations
  9497 | Ossuary  | Reached skill level 1 in Invocations
  9859 | D:7      | Noticed a gargoyle
  9875 | D:7      | Got a scorched crystal amulet
  9877 | D:7      | Lost strength.
  9877 | D:7      | Identified the amulet "Raifei" {+Rage rPois rF+ MR++ Str-5} (You found it on level 7 of the Dungeon)
  9897 | D:7      | Got a crude bone ring
  9898 | D:7      | Identified the ring "Kuarool" {*Drain +Inv rPois Dex-4 Slay+4} (You found it on level 7 of the Dungeon)
 10321 | D:8      | Noticed a two-headed ogre
 10350 | D:8      | Killed a two-headed ogre
 10350 | D:8      | Reached ** piety under Okawaru
 10551 | D:8      | Reached *** piety under Okawaru
 10551 | D:8      | Reached XP level 10. HP: 22/49 MP: 12/22
 10666 | D:8      | Noticed tof's ghost (novice MiBe)
 10688 | D:7      | Killed a gargoyle
 10688 | D:7      | Reached skill level 5 in Invocations
 10811 | D:7      | Learned a level 2 spell: Blink
 10890 | D:7      | Reached skill level 1 in Translocations
 11126 | D:8      | Noticed Grum
 11148 | D:8      | Killed Grum
 11804 | D:8      | Found a staircase to the Lair.
 12104 | D:8      | Reached **** piety under Okawaru
 12261 | D:8      | Noticed an ice statue
 12422 | D:8      | Killed tof's ghost
 13058 | D:8      | Learned a level 2 spell: Shroud of Golubria
 13062 | Lair:1   | Entered Level 1 of the Lair of Beasts
 13062 | Lair:1   | Found a labyrinth entrance.
 13070 | Lab      | Entered a labyrinth
 13337 | Lab      | Noticed a minotaur
 13344 | Lab      | Killed a minotaur
 13344 | Lab      | Reached ***** piety under Okawaru
 13344 | Lab      | Received a gift from Okawaru
 13344 | Lab      | Reached skill level 1 in Charms
 13355 | Lab      | Found the +0 pair of fencer's gloves {+Riposte Dex+3}
 13387 | Lair:1   | Reached XP level 11. HP: 48/54 MP: 19/24
 13887 | Lair:2   | Found a staircase to the Snake Pit.
 13898 | Lair:2   | Reached skill level 5 in Fighting
 14045 | Lair:2   | Received a gift from Okawaru
 14371 | Lair:2   | Lost mutation: Armour fits poorly on your strangely shaped body. [potion of mutation]
 14371 | Lair:2   | Lost mutation: You possess an exceptional clarity of mind. [potion of mutation]
 14371 | Lair:2   | Gained mutation: You occasionally shout uncontrollably at your foes. [potion of mutation]
 14371 | Lair:2   | Gained mutation: You are somewhat resistant to further mutation. [potion of mutation]
 14597 | Lair:2   | Noticed an oklob plant
 14904 | Lair:2   | Reached skill level 10 in Spellcasting
 15217 | Lair:3   | Noticed Sonja
 15225 | Lair:3   | Killed Sonja
 15599 | Lair:3   | Received a gift from Okawaru
 15688 | Lair:3   | Reached skill level 1 in Shields
 16048 | Lair:3   | Reached XP level 12. HP: 33/62 MP: 25/27
 16584 | Lair:4   | Noticed a five-headed hydra
 16883 | Lair:5   | Noticed a five-headed hydra
 17086 | Lair:4   | Upgraded the game from 0.21-a0-380-gd65dc97 to 0.21-a0-394-gdc75ea7
 17090 | Lair:4   | Learned a level 3 spell: Lesser Beckoning
 17222 | Lair:4   | Reached skill level 5 in Shields
 18640 | Lair:1   | Received a gift from Okawaru
 18908 | D:9      | Reached skill level 5 in Hexes
 18936 | D:9      | Found a staircase to the Orcish Mines.
 18983 | D:9      | Found Ittur's Book Shoppe.
 19045 | D:9      | Noticed a two-headed ogre
 19059 | D:9      | Killed a two-headed ogre
 19122 | D:9      | Noticed a two-headed ogre
 19127 | D:9      | Noticed a death knight
 19129 | D:9      | Killed a two-headed ogre
 19135 | D:9      | Killed a death knight
 19473 | D:9      | Found a bloodstained altar of Trog.
 19946 | D:10     | Entered Level 10 of the Dungeon
 19952 | D:10     | Received a gift from Okawaru
 20075 | D:10     | Reached skill level 1 in Armour
 20075 | D:10     | Reached skill level 5 in Ice Magic
 20464 | D:10     | Found a hazy altar of Hepliaklqana.
 20466 | D:10     | Found a shimmering altar of Xom.
 20466 | D:10     | Found a sacrificial altar of Ru.
 20468 | D:10     | Found a hazy altar of Hepliaklqana.
 20468 | D:10     | Found a blossoming altar of Fedhas.
 20468 | D:10     | Found a glowing golden altar of the Shining One.
 20599 | D:10     | Reached XP level 13. HP: 65/65 MP: 25/28
 21027 | D:10     | Noticed Erica
 21051 | D:10     | Killed Erica
 21250 | D:11     | Noticed Gastronok
 21743 | D:11     | Lost mutation: You occasionally shout uncontrollably at your foes. [potion of mutation]
 21743 | D:11     | Lost mutation: You are somewhat resistant to further mutation. [potion of mutation]
 21743 | D:11     | Gained mutation: Your body sometimes deteriorates upon taking damage. [potion of mutation]
 21743 | D:11     | Gained mutation: Your magical capacity is low. (-10% MP) [potion of mutation]
 21743 | D:11     | Gained mutation: You are partially covered in yellow scales. (AC +2) [potion of mutation]
 21777 | D:11     | Killed Gastronok
 22296 | D:12     | Found Xero Vuwku's Magic Scroll Emporium.
 22308 | D:12     | Bought a scroll of teleportation for 42 gold pieces
 22308 | D:12     | Bought a scroll of fog for 28 gold pieces
 22308 | D:12     | Bought a scroll of identify for 28 gold pieces
 22308 | D:12     | Bought a scroll of identify for 28 gold pieces
 22572 | D:12     | Received a gift from Okawaru
 22634 | D:12     | Reached skill level 10 in Stealth
 22713 | D:12     | Reached ****** piety under Okawaru
 23734 | Orc:1    | Entered Level 1 of the Orcish Mines
 23849 | Orc:1    | Reached skill level 10 in Dodging
 23851 | Orc:1    | Noticed an orc warlord
 23868 | Orc:1    | Received a gift from Okawaru
 23868 | Orc:1    | Reached XP level 14. HP: 70/70 MP: 12/27
 23886 | Orc:1    | Received a gift from Okawaru
 23903 | Orc:1    | Killed an orc warlord
 24188 | Orc:2    | Entered Level 2 of the Orcish Mines
 24209 | Orc:2    | Noticed tidbits's ghost (journeyman GnSk)
 24331 | Orc:2    | Killed tidbits's ghost
 24418 | Orc:2    | Found Cupoas's Book Emporium.
 24513 | Orc:2    | Found Mirukigg's Antique Armour Shop.
 24867 | Orc:2    | Noticed an orc warlord
 24946 | Orc:1    | Killed an orc warlord
 25124 | Orc:2    | Found Hyph's Antique Weapon Boutique.
 25175 | Orc:2    | Noticed Azrael
 25243 | Orc:1    | Killed Azrael
 25464 | Orc:2    | Found Wuab's General Store.
 25473 | Orc:2    | Bought a potion of berserk rage for 55 gold pieces
 25601 | Orc:2    | Found a staircase to the Elven Halls.
 25685 | Orc:2    | Bought a book of Cantrips for 280 gold pieces
 25687 | Orc:2    | Learned a level 1 spell: Apportation
 26224 | D:14     | Identified a scroll of acquirement
 26234 | D:14     | Got a translucent hat
 26245 | D:14     | Identified the +0 hat of the Distant Future {*Slow MR++ Int+7} (You acquired it on level 14 of the Dungeon)
 26608 | D:14     | Learned a level 2 spell: Song of Slaying
 26612 | D:14     | Learned a level 3 spell: Regeneration
 26771 | D:15     | Entered Level 15 of the Dungeon
 26975 | Lair:1   | Learned a level 4 spell: Ice Form
 27226 | Lair:4   | Reached skill level 1 in Transmutations
 27457 | Lair:4   | Received a gift from Okawaru
 28257 | Lair:5   | Found a staircase to the Slime Pits.
 28402 | Lair:6   | Entered Level 6 of the Lair of Beasts
 28724 | Lair:6   | Reached XP level 15. HP: 79/79 MP: 25/29
 28892 | Lair:6   | Reached skill level 5 in Transmutations
 29075 | Lair:6   | Received a gift from Okawaru
 29391 | Lair:6   | Reached skill level 10 in Invocations
 29658 | Lair:6   | Reached skill level 10 in Short Blades
 30377 | Lair:6   | Got an ichor-stained hat
 30388 | Lair:6   | Identified the +0 hat of the Assorted Beds {Str+5} (You found it on level 6 of the Lair of Beasts)
 30965 | Lair:1   | Learned a level 8 spell: Discord
 31040 | D:9      | Bought a manual of Shields for 1435 gold pieces
 31790 | D:13     | Found a gate to the Vaults.
 32805 | D:15     | Received a gift from Okawaru
 32811 | D:15     | Got a dazzling scarf {god gift}
 32822 | D:15     | Identified the scarf "Daxtaaw" {rPois MR+ Str+2} (Okawaru gifted it to you on level 15 of the Dungeon)
 33012 | D:15     | Found Boeq's Assorted Antiques.
 33016 | D:15     | Bought a scroll of identify for 52 gold pieces
 33016 | D:15     | Bought a twisted granite ring for 130 gold pieces
 33016 | D:15     | Bought a scintillating lapis lazuli ring for 130 gold pieces
 33027 | D:15     | Identified the ring of Yriseor {Wiz rF- Str+5} (You bought it in a shop on level 15 of the Dungeon)
 33129 | D:15     | Lost mutation: Your body sometimes deteriorates upon taking damage. [potion of mutation]
 33129 | D:15     | Lost mutation: Your magical capacity is low. (-10% MP) [potion of mutation]
 33129 | D:15     | Lost mutation: You are partially covered in yellow scales. (AC +2) [potion of mutation]
 33129 | D:15     | Gained mutation: You have a somewhat thin skeletal structure. (Dex +2, Stealth) [potion of mutation]
 33129 | D:15     | Gained mutation: Your spells are a little easier to cast, but a little less powerful. [potion of mutation]
 33129 | D:15     | Lost mutation: Your spells are a little easier to cast, but a little less powerful. [potion of mutation]
 33129 | D:15     | Gained mutation: You are resistant to hostile enchantments. (MR+) [potion of mutation]
 33147 | D:15     | Found a staircase to the Depths.
 33985 | Lair:2   | Reached XP level 16. HP: 84/84 MP: 35/35
 34871 | Lair:6   | Identified the Catalogue of the Unstable Glacier
 34877 | Lair:6   | Learned a level 3 spell: Ozocubu's Armour
 35088 | Snake:1  | Entered Level 1 of the Snake Pit
 35787 | Snake:1  | Reached skill level 5 in Charms
 36546 | Snake:2  | Reached skill level 1 in Necromancy
 36992 | Snake:2  | Received a gift from Okawaru
 38125 | Snake:4  | Entered Level 4 of the Snake Pit
 38125 | Snake:4  | Noticed Asterion
 38654 | Snake:3  | Received a gift from Okawaru
 38780 | Snake:2  | Reached XP level 17. HP: 87/87 MP: 36/36
 38901 | Snake:3  | Found Xaomn's Magic Scroll Shoppe.
 38901 | Snake:3  | Found Ubuzisoh's Antique Armour Emporium.
 38909 | Snake:3  | Bought a scroll of teleportation for 48 gold pieces
 38909 | Snake:3  | Bought a scroll of identify for 32 gold pieces
 38909 | Snake:3  | Bought a scroll of teleportation for 48 gold pieces
 38909 | Snake:3  | Bought a scroll of identify for 32 gold pieces
 39264 | Snake:4  | Killed Asterion
 39495 | Snake:3  | Reached skill level 15 in Stealth
 39934 | Snake:3  | Identified the ring "Vufeid" {Str+2 SInv} (You found it on level 3 of the Snake Pit)
 40666 | Snake:4  | Received a gift from Okawaru
 41420 | Snake:4  | Received a gift from Okawaru
 41488 | Snake:4  | Noticed Kirke
 41538 | Snake:3  | Killed Kirke
 41687 | Snake:3  | Reached skill level 5 in Armour
 41949 | Snake:3  | Reached XP level 18. HP: 93/93 MP: 35/37
 42653 | Snake:4  | Got a serpentine rune of Zot
 42849 | Snake:4  | Found Jeidaipe's Jewellery Emporium.
 42849 | Snake:4  | Found Ygezxer's Gadget Boutique.
 42850 | Snake:4  | Found Wapluj's Jewellery Emporium.
 43091 | Snake:4  | Reached skill level 10 in Fighting
 43316 | Snake:4  | Received a gift from Okawaru
 43398 | Snake:4  | Found a hide-covered altar of Uskayaw.
 43887 | Snake:4  | Reached skill level 10 in Evocations
 44276 | Vaults:1 | Entered Level 1 of the Vaults
 44291 | D:13     | Reached skill level 15 in Spellcasting
 44485 | Vaults:1 | Reached skill level 10 in Hexes
 44784 | D:13     | Upgraded the game from 0.21-a0-394-gdc75ea7 to 0.21-a0-396-ga924934
 45573 | Vaults:1 | Found Taobbud's Jewellery Boutique.
 46258 | Vaults:1 | Received a gift from Okawaru
 46529 | Vaults:1 | Reached XP level 19. HP: 98/98 MP: 40/40
 47295 | Orc:2    | Bought a book of Minor Magic for 280 gold pieces
 47299 | Orc:2    | Learned a level 3 spell: Conjure Flame
 47332 | Elf:1    | Entered Level 1 of the Elven Halls
 47612 | Elf:1    | Reached skill level 1 in Fire Magic
 47865 | Elf:1    | Noticed Nikola
 47948 | Elf:1    | Received a gift from Okawaru
 48080 | Elf:2    | Reached skill level 10 in Shields
 48159 | Elf:2    | Found Syraug's Weapon Emporium.
 48860 | Elf:3    | Entered Level 3 of the Elven Halls
 49199 | Elf:2    | Found a runed gate.
 49199 | Elf:2    | Found a runed gate.
 49201 | Elf:2    | Found a runed gate.
 50347 | Elf:2    | Received a gift from Okawaru
 51252 | Elf:3    | Noticed a caustic shrike
 51252 | Elf:3    | a shadow dragon changed into a caustic shrike
 51263 | Elf:3    | Noticed a golden dragon
 51263 | Elf:3    | a caustic shrike changed into a golden dragon
 51265 | Elf:3    | a golden dragon changed into a titan
 51266 | Elf:3    | Noticed a juggernaut
 51266 | Elf:3    | a titan changed into a juggernaut
 51267 | Elf:3    | Noticed a shard shrike
 51267 | Elf:3    | a juggernaut changed into a shard shrike
 51274 | Elf:3    | Noticed a juggernaut
 51298 | Elf:3    | Found Ivibo's Antique Weapon Boutique.
 52220 | Elf:3    | Reached XP level 20. HP: 102/102 MP: 27/41
 52393 | Elf:3    | Received a gift from Okawaru
 53084 | Elf:1    | Found Rakaiv's Retail Resort.
 54793 | Lair:1   | Learned a level 3 spell: Confuse
 55024 | Vaults:1 | HP: 5/102 [yaktaur captain/bolt (32)]
 55742 | Vaults:1 | Received a gift from Okawaru
 55821 | Vaults:2 | Found Dyfoho's Gadget Emporium.
 56098 | Vaults:2 | Learned a level 4 spell: Throw Icicle
 56430 | Vaults:2 | Received a gift from Okawaru
 56715 | Vaults:2 | Reached skill level 5 in Conjurations
 56955 | Vaults:2 | Received a gift from Okawaru
 57117 | Vaults:2 | Found a staircase to the Crypt.
 57616 | Vaults:2 | Reached XP level 21. HP: 100/109 MP: 43/43
 58550 | Vaults:3 | Received a gift from Okawaru
 59342 | Vaults:3 | Noticed Donald
 59343 | Vaults:3 | Killed Donald
 59347 | Vaults:3 | Noticed Boris
 59380 | Vaults:3 | Killed from afar by Boris

Vault maps used:
D:1:      dpeg_arrival_houses_and_road, serial_bayou_pond_e
D:2:      first_bread
D:3:      hex_medium
D:4:      minmay_temple_entry_enclosed_plants, minmay_misc_feat_tiny,
          minmay_misc_feat_nine_boxes, st_stairs_13,
          hangedman_abyss_or_decor_stagger, hangedman_feature_mirror, uniq_ijyb,
          uniq_duvessa
D:5:      grunt_temple_overflow_cloverleaf, serial_shops, shop_fountains
D:6:      roderic_batcave
D:7:      minmay_the_grid_triangle_9x9_recursive_2, kiku_gazebo_garden_becter
D:8:      cheibrodos_frozen_isle, erik_lair_orcish_takeover,
          nicolae_ossuary_entry_ruins, uniq_grum
D:9:      minmay_distorted_concentric_squares, kennysheep_mini_moat,
          david_orc_2, serial_shops, shop, the_bakery
D:10:     doesnt_xom_only_xom, uniq_erica
D:11:     kennysheep_boxes, uniq_gastronok
D:12:     serial_shops, shop
D:13:     david_vaults_4, minivault_19
D:14:     kennysheep_nondescript, st_stairs_3, bh_chokoban
D:15:     grunt_enter_depths_snipers, serial_shops, shop
Temple:   nicolae_temple_elliptical
Lair:1:   lab_entry_generic, beast_lair_carwin_2, serial_bayou_shore_a
Lair:2:   minmay_snake_entry_spellcaster, minmay_lair_oklob_items,
          beast_lair_carwin_8, lemuel_fruit_tree, lemuel_fruit_fields,
          infiniplex_staircase_pool
Lair:3:   enter_volcano_3, uniq_sonja
Lair:4:   nicolae_swamp_entry_splash_gauntlet, cheibrodos_lair_reptile_den
Lair:5:   minmay_slime_entry_oklob_enclosed, wad_woods_river_01
Lair:6:   due_jungle_book, minmay_lair_drake_nest, serial_bayou_shore_b
Snake:1:  grunt_megastairs_2
Snake:2:  grunt_ministairs_12, grunt_megastairs_3, serial_bayou_shore_b
Snake:3:  kennysheep_snake, minmay_shoptagon
Snake:4:  snake_hunt, basic_altar, grunt_megastairs_5, minmay_shop_grove,
          uniq_asterion, uniq_kirke
Orc:2:    grunt_orc_gardens, grunt_orc_garden, grunt_orc_garden,
          grunt_orc_garden, grunt_orc_garden, uniq_azrael
Elf:1:    elf_arrival_002, hangedman_elf_represent, nicolae_alphabet_shops,
          feat_on_display, uniq_nikola
Elf:2:    serial_shops, shop, hangedman_elf_simple_split, laboratory
Elf:3:    elf_hall, serial_shops, shop, minivault_20, basic_stair_grate_trap
Vaults:1: nicolae_vaults_stairing_the_circle, v_misc_32, v_misc_9,
          ontoclasm_vaults_bender, v_rooms_3, hangedman_vaults_capsules,
          nicolae_vaults_border_crossing, nicolae_vaults_little_ls,
          nicolae_vaults_little_squares_4, vaults_dpeg_cross,
          nicolae_vaults_little_squares_3, st_smaller_cells,
          vaults_room_fancy_cross, serial_shops, shop_fountains
Vaults:2: st_greater_box_5, hangedman_vaults_unwind,
          nicolae_vaults_network_barrier,
          vaults_standard_mumra_enter_the_diamond, dpeg_vaults_monster_box,
          hangedman_vaults_stagger, nicolae_vaults_asterisk,
          minmay_crypt_entry_simple_corners, grunt_vaults_focal,
          nicolae_vaults_yaktaur_gun_rack, vaults_dpeg_ring,
          nicolae_vaults_asterisk, serial_shops, shop
Vaults:3: ontoclasm_vaults_shuriken, nicolae_vaults_network_periphery,
          ontoclasm_vaults_ligature, v_rooms_5, v_misc_17, ontoclasm_vaults_eye,
          vaults_mumra_minichess_inversion, v_alt_pattern_1,
          ontoclasm_vaults_echo, v_alt_pattern_1, vaults_room_pools, v_misc_26,
          nicolae_vaults_angled_halls, uniq_boris, uniq_donald, uniq_jorgrun
Lab:      nicolae_lab_statue, labyrinth_skeletal_remains
Ossuary:  minmay_ossuary_gauntlet

Skill      XL: |  1  2  3  4  5  6  7  8  9 10 11 12 13 14 15 16 17 18 19 20 21 |
---------------+----------------------------------------------------------------+-----
Spellcasting   | 3 4 5 6 7 8 10 11 12 14 16 17 | 17.0
Dodging        | 4 7 10 12 14 | 14.9
Short Blades   | 2 4 5 6 7 8 9 10 11 12 | 12.6
Fighting       | 1 2 3 4 6 9 10 11 12 | 12.2
Ice Magic      | 2 5 6 7 |  7.5
Conjurations   | 1 2 3 5 6 |  6.9
Stealth        | 7 8 9 11 13 16 17 | 17.5
Evocations     | 6 7 8 10 | 10.6
Invocations    | 4 5 7 9 10 11 13 14 | 14.4
Translocations | 4 |  4.4
Charms         | 2 8 |  8.2
Shields        | 2 6 9 11 12 | 12.2
Hexes          | 6 9 11 | 11.8
Armour         | 1 3 5 6 |  6.2
Transmutations | 4 6 |  6.0
Necromancy     | 3 |  3.2
Fire Magic     | 4 |  4.8

Action                   |  1- 3 |  4- 6 |  7- 9 | 10-12 | 13-15 | 16-18 | 19-21 || total
-------------------------+-------+-------+-------+-------+-------+-------+-------++-------
Melee: Dagger            |   193 |   444 |   587 |   504 |       |       |       ||  1728
       Punch             |       |       |       |     1 |       |       |       ||     1
       Rapier            |       |       |       |   191 |  2073 |  1853 |  2225 ||  6342
Throw: Throwing net      |     1 |     3 |     3 |     1 |       |       |       ||     8
       Tomahawk          |       |       |       |     1 |     4 |       |     2 ||     7
 Cast: Corona            |     4 |     6 |     6 |    16 |    24 |    57 |    13 ||   126
       Ensorcelled Hiber |     7 |    28 |    54 |   227 |   160 |   298 |    72 ||   846
       Dazzling Spray    |       |     1 |    16 |    27 |    62 |   142 |    54 ||   302
       Blink             |       |       |       |     3 |     3 |    12 |    11 ||    29
       Shroud of Golubri |       |       |       |     3 |       |    13 |    48 ||    64
       Lesser Beckoning  |       |       |       |       |     1 |    69 |   104 ||   174
       Apportation       |       |       |       |       |     3 |     1 |     8 ||    12
       Song of Slaying   |       |       |       |       |     8 |     5 |     1 ||    14
       Regeneration      |       |       |       |       |     4 |    12 |    32 ||    48
       Ozocubu's Armour  |       |       |       |       |       |    73 |    65 ||   138
       Conjure Flame     |       |       |       |       |       |       |    56 ||    56
       Confuse           |       |       |       |       |       |       |    28 ||    28
       Throw Icicle      |       |       |       |       |       |       |    10 ||    10
Invok: Heroism           |       |       |     1 |    16 |    37 |    28 |    13 ||    95
       Finesse           |       |       |       |       |     3 |     2 |     5 ||    10
 Abil: Evoke Invisibilit |       |       |       |     3 |     1 |     2 |       ||     6
Evoke: Wand              |       |     9 |    11 |    10 |     7 |     6 |    11 ||    54
  Use: Potion            |     1 |     1 |     1 |     3 |     5 |     6 |     9 ||    26
       Scroll            |       |    10 |    11 |    12 |    22 |    13 |    16 ||    84
 Stab: Sleeping          |    13 |    30 |    31 |   120 |   100 |   150 |    74 ||   518
       Invisible         |       |       |     2 |    14 |    24 |    31 |     6 ||    77
       Held in net/web   |       |       |     1 |     1 |       |       |       ||     2
       Distracted        |       |       |       |     3 |     6 |     5 |     5 ||    19
       Confused          |       |       |       |       |       |       |    16 ||    16
       Petrified         |       |       |       |       |       |       |     4 ||     4
       Petrifying        |       |       |       |       |       |       |     1 ||     1
  Eat: Royal jelly       |       |     2 |     1 |     1 |     3 |     1 |     1 ||     9
       Fruit             |       |       |     2 |     8 |    12 |    13 |     2 ||    37
       Bread ration      |       |       |     1 |     1 |       |       |     3 ||     5
Armor: Robe              |    40 |    72 |    67 |    76 |       |       |       ||   255
       Troll leather arm |       |       |       |     6 |   313 |   202 |   214 ||   735
Dodge: Dodged            |   176 |   317 |   463 |   568 |  1266 |  1257 |  1090 ||  5137
Block: Buckler           |       |       |       |   160 |   587 |   905 |   815 ||  2467
       Reflection        |       |       |       |     2 |    15 |   105 |    62 ||   184

Table legend:
 A = Spawn XP
 B = Non-spawn XP
 C = Spawn XP percentage of total XP
 D = Spawn monster count
 E = Non-spawn monster count
 F = Spawn count percentage of total count
 G = Total turns spent on level
                    A         B        C        D         E        F      G
               +---------+---------+-------+---------+---------+-------+---------
         Total |       0 |  649309 |   0.0 |       0 |    1558 |   0.0 | 59380
               +---------+---------+-------+---------+---------+-------+---------
           D:1 |       0 |      31 |   0.0 |       0 |      18 |   0.0 |  1490
           D:2 |       0 |     150 |   0.0 |       0 |      32 |   0.0 |  1255
           D:3 |       0 |     142 |   0.0 |       0 |      29 |   0.0 |   871
           D:4 |       0 |    1062 |   0.0 |       0 |      33 |   0.0 |   869
           D:5 |       0 |     359 |   0.0 |       0 |      10 |   0.0 |  1690
           D:6 |       0 |     964 |   0.0 |       0 |      32 |   0.0 |  1831
           D:7 |       0 |    2885 |   0.0 |       0 |      40 |   0.0 |  2432
           D:8 |       0 |    4222 |   0.0 |       0 |      36 |   0.0 |  2618
           D:9 |       0 |    4443 |   0.0 |       0 |      39 |   0.0 |  1189
          D:10 |       0 |    5780 |   0.0 |       0 |      36 |   0.0 |  1487
          D:11 |       0 |    6835 |   0.0 |       0 |      40 |   0.0 |  1628
          D:12 |       0 |    5713 |   0.0 |       0 |      31 |   0.0 |   950
          D:13 |       0 |   25853 |   0.0 |       0 |      65 |   0.0 |  2445
          D:14 |       0 |    9839 |   0.0 |       0 |      27 |   0.0 |  1002
          D:15 |       0 |   17240 |   0.0 |       0 |      49 |   0.0 |  1468
        Lair:1 |       0 |    4777 |   0.0 |       0 |      26 |   0.0 |  1446
        Lair:2 |       0 |    8053 |   0.0 |       0 |      33 |   0.0 |  2444
        Lair:3 |       0 |    6620 |   0.0 |       0 |      30 |   0.0 |  1980
        Lair:4 |       0 |    7559 |   0.0 |       0 |      37 |   0.0 |  1147
        Lair:5 |       0 |    6504 |   0.0 |       0 |      26 |   0.0 |  1803
        Lair:6 |       0 |   27991 |   0.0 |       0 |      62 |   0.0 |  2977
       Snake:1 |       0 |   15789 |   0.0 |       0 |      30 |   0.0 |  1080
       Snake:2 |       0 |   23697 |   0.0 |       0 |      43 |   0.0 |  1616
       Snake:3 |       0 |   60103 |   0.0 |       0 |      99 |   0.0 |  3156
       Snake:4 |       0 |   64252 |   0.0 |       0 |     107 |   0.0 |  2737
         Orc:1 |       0 |   15408 |   0.0 |       0 |      52 |   0.0 |   963
         Orc:2 |       0 |   10619 |   0.0 |       0 |      36 |   0.0 |  1523
         Elf:1 |       0 |   16519 |   0.0 |       0 |      27 |   0.0 |   911
         Elf:2 |       0 |   52737 |   0.0 |       0 |      79 |   0.0 |  3313
         Elf:3 |       0 |   54112 |   0.0 |       0 |      52 |   0.0 |  1735
      Vaults:1 |       0 |   72984 |   0.0 |       0 |     118 |   0.0 |  2864
      Vaults:2 |       0 |   82047 |   0.0 |       0 |     113 |   0.0 |  2261
      Vaults:3 |       0 |   32748 |   0.0 |       0 |      54 |   0.0 |  1041
           Lab |       0 |    1058 |   0.0 |       0 |       1 |   0.0 |   296
       Ossuary |       0 |     214 |   0.0 |       0 |      16 |   0.0 |   716
               +---------+---------+-------+---------+---------+-------+---------
